 Dungeon Crawl Stone Soup version 0.28.0-47-ge53b351184 (webtiles) character file.

Game seed: 5433927486068072101

2834 Iusername the Protected (level 9, -2/79 HPs)
             Began as a Minotaur Fighter on May 3, 2022.
             Was an Initiate of Dithmenos.
             Slain by an orc warrior
             ... wielding a +0 glaive
              (6 damage)
             ... on level 7 of the Dungeon.
             The game lasted 00:11:00 (7830 turns).

Iusername the Protected (Minotaur Fighter)          Turns: 7830, Time: 00:11:01

Health: -2/79      AC:  9    Str: 25    XL:     9   Next: 45%
Magic:  8/8        EV: 11    Int:  5    God:    Dithmenos [......]
Gold:   275        SH:  0    Dex: 10    Spells: 8/8 levels left

rFire   + + .      SeeInvis .   r - +7 great mace "Firestarter" {inner flame, rF++}
rCold   . . .      Faith    .   (shield currently unavailable)
rNeg    . . .      Spirit   .   b - +0 scale mail
rPois   .          Reflect  .   (helmet restricted)
rElec   .          Harm     .   (no cloak)
rCorr   .          Rampage  .   z - +0 pair of gloves
Will    .....                   (no boots)
Stlth   ..........              (no amulet)
HPRegen 0.23/turn               (no ring)
MPRegen 0.11/turn               (no ring)

@: mighty
A: horns 2, retaliatory headbutt
a: Renounce Religion


You were on level 7 of the Dungeon.
You worshipped Dithmenos.
Dithmenos was noncommittal.
You visited 2 branches of the dungeon, and saw 8 of its levels.

You collected 275 gold pieces.

Inventory:

Hand Weapons
 a - a +0 long sword
 r - the +7 great mace "Firestarter" (weapon) {inner flame, rF++}
   (You found it on level 5 of the Dungeon)

   It burns those it strikes, dealing additional fire damage.
   It fills those it strikes with an explosive inner flame.
   It grants immunity to clouds of flame.
   rF:        It greatly protects you from fire.
Missiles
 y - 4 silver javelins (quivered)
 C - 3 throwing nets
Armour
 b - a +0 scale mail (worn)
 c - a +0 buckler
 z - a +0 pair of gloves (worn)
Jewellery
 j - a ring of magical power
Wands
 q - a wand of digging (2)
 x - a wand of charming (9)
Scrolls
 e - 5 scrolls of teleportation
 f - a scroll of amnesia {unknown}
 i - a scroll of identify
 k - a scroll of fog {unknown}
 l - 2 scrolls of magic mapping
 m - a scroll of vulnerability {unknown}
 p - a scroll of fear {unknown}
 s - a scroll of blinking {unknown}
 t - a scroll of summoning {unknown}
 w - a scroll of enchant weapon {unknown}
 B - a scroll of noise {unknown}
Potions
 g - 2 potions of haste {unknown}
 h - 3 potions of flight {unknown}
 n - a potion of mutation {unknown}
 o - a potion of attraction {unknown}
 u - a potion of lignification {unknown}
 v - a potion of curing {unknown}
 A - a potion of heal wounds {unknown}


   Skills:
 + Level 7.3 Fighting
 + Level 7.2 Long Blades
 + Level 8.0 Maces & Flails
 + Level 1.1 Throwing
 + Level 8.1 Armour
 + Level 3.5 Dodging
 + Level 1.3 Stealth
 + Level 5.1 Shields


You had 8 spell levels left.
You didn't know any spells.
Your spell library contained the following spells:

 Spells                   Type           Power      Damage    Failure   Level
 Hailstorm                Conj/Ice       0%         3d3       100%        4
 Ice Form                 Ice/Tmut       0%         N/A       100%        4
 Simulacrum               Ice/Necr       0%         N/A       100%        6


Dungeon Overview and Level Annotations

Branches:
Dungeon (7/15)             Temple (1/1) D:6

Altars:
Ashenzari
Dithmenos
Elyvilon
Fedhas
Hepliaklqana
Kikubaaqudgha
Makhleb
Okawaru
Qazlal
Ru
Sif Muna
Trog
Uskayaw
Vehumet
Wu Jian
Xom
Yredelemnul
Zin
The Shining One

Shops:
D:2 [   D:3 [


Innate Abilities, Weirdness & Mutations

You have a pair of horns on your head.
You reflexively headbutt those who attack you in melee.


Message History

Dithmenos says: Spread the eternal night.
Press ? for a list of commands and other information.
You start resting.
A phantom comes into view.
A phantom is nearby!
A phantom is nearby!
A phantom is nearby!
An orc warrior comes into view. It is wielding a +0 glaive.
You see here a staff of fire.
A yak comes into view.
The yak bellows!
The orc warrior shouts!
The orc warrior hits you with a +0 glaive.
You closely miss the orc warrior. Your headbutt misses the orc warrior.
The orc warrior hits you with a +0 glaive!!
You are too injured to fight recklessly!
You are too injured to fight recklessly!
You feel very mighty all of a sudden. The orc warrior barely misses you.
The phantom hits you but does no damage.
You barely miss the phantom.
The orc warrior hits you with a +0 glaive!!
* * * LOW HITPOINT WARNING * * *
The phantom hits you but does no damage.
The orc warrior closely misses you. You furiously retaliate!
You headbutt the orc warrior! You miss the phantom.
The phantom hits you but does no damage.
The orc warrior hits you with a +0 glaive.
* * * LOW HITPOINT WARNING * * *
The phantom hits you but does no damage.
You closely miss the phantom. You headbutt the phantom!
The phantom is heavily damaged.
The orc warrior closely misses you. The phantom hits you.
* * * LOW HITPOINT WARNING * * *
You barely miss the phantom.
The phantom is heavily damaged.
The orc warrior closely misses you.
The phantom hits you but does no damage.
The orc warrior hits you with a +0 glaive.
You die...

........#.#.#.#.#
........#...#.#...
........#####'#####
........# #.#
....###.# .#.
....#...# .# #. ...
#...##.# #. ..
#..WoY# #. #..@##
## #..|# #..[#
#...# #...#
#..[.......
#......#....
#......# ..
#....>.+


You could see a yak, an orc warrior and a phantom.

Vanquished Creatures
  Harold (D:7)
  A vampire (D:7)
  Menkaure (D:7)
  Edmund (D:5)
  A water moccasin (D:6)
  3 ice beasts (D:5)
  2 black bears
  A necrophage (D:6)
  An ogre (D:5)
  A centaur (D:7)
  A phantom (D:5)
  3 scorpions
  2 bullfrogs
  A water moccasin skeleton (D:6)
  A howler monkey (D:6)
  3 wights (D:7)
  A centaur zombie (D:5)
  A jelly (D:4)
  A hound (D:5)
  2 bullfrog skeletons
  2 iguanas
  A killer bee zombie (D:7)
  A hound skeleton (D:5)
  5 adders
  4 gnolls (D:4)
  A howler monkey skeleton (D:7)
  2 shadow imps
  An ufetubus (D:6)
  5 dart slugs
  9 orcs
  5 bats
  11 endoplasms
  7 giant cockroaches
  5 goblins
  11 hobgoblins
  4 jackals (D:5)
  4 quokkas
  7 ball pythons
  A frilled lizard (D:3)
  11 kobolds
  5 rats
131 creatures vanquished.

Notes
Turn   | Place    | Note
-------+----------+-------------------------------------------
     0 | D:1      | Iusername the Minotaur Fighter began the quest for the Orb.
     0 | D:1      | Reached XP level 1. HP: 19/19 MP: 0/0
   155 | D:1      | Reached XP level 2. HP: 27/27 MP: 1/1
   787 | D:2      | Found Sorchitu's Antique Armour Emporium.
   900 | D:2      | Reached XP level 3. HP: 26/33 MP: 2/2
  1204 | D:2      | Found a faded altar of an unknown god.
  1625 | D:2      | Reached XP level 4. HP: 40/41 MP: 3/3
  1656 | D:2      | Identified the +5 dagger of Zaneam {speed, rPois}
  2199 | D:3      | Found a broken altar of Ashenzari.
  2466 | D:3      | Found Cot Mae's Armour Boutique.
  2950 | D:4      | Reached XP level 5. HP: 32/47 MP: 4/4
  3049 | D:4      | Found a radiant altar of Vehumet.
  3251 | D:4      | Reached skill level 1 in Dodging
  3348 | D:4      | Noticed a black bear
  3360 | D:4      | HP: 2/47 [black bear (5)]
  3361 | D:4      | Killed a black bear
  3362 | D:4      | Reached skill level 5 in Fighting
  3362 | D:4      | Reached skill level 5 in Armour
  3362 | D:4      | Reached XP level 6. HP: 3/56 MP: 5/5
  4195 | D:5      | Entered Level 5 of the Dungeon
  4217 | D:5      | Noticed an ice beast
  4230 | D:5      | Killed an ice beast
  4231 | D:5      | Reached skill level 5 in Long Blades
  4234 | D:5      | Found the +7 great mace "Firestarter" {inner flame, rF++}
  4632 | D:5      | Reached XP level 7. HP: 46/61 MP: 6/6
  4734 | D:5      | Found a hide-covered altar of Uskayaw.
  4793 | D:5      | Reached skill level 5 in Shields
  4847 | D:5      | Reached skill level 1 in Maces & Flails
  5074 | D:5      | Noticed Edmund
  5083 | D:5      | Killed Edmund
  5084 | D:5      | Reached XP level 8. HP: 17/67 MP: 7/7
  6393 | D:6      | Found a staircase to the Ecumenical Temple.
  6505 | Temple   | Entered the Ecumenical Temple
  6526 | Temple   | Became a worshipper of Dithmenos the Shadowed
  6700 | D:6      | Reached skill level 5 in Maces & Flails
  6805 | D:6      | Found a white marble altar of Elyvilon.
  6806 | D:6      | Found a sacrificial altar of Ru.
  6806 | D:6      | Found a hazy altar of Hepliaklqana.
  6924 | D:6      | Found a shimmering blue altar of Sif Muna.
  6975 | D:7      | Noticed Harold
  6984 | D:7      | Killed Harold
  6985 | D:7      | Reached skill level 1 in Stealth
  6985 | D:7      | Reached XP level 9. HP: 36/78 MP: 8/8
  6996 | D:7      | Noticed Menkaure
  7001 | D:7      | Killed Menkaure
  7792 | D:7      | Reached skill level 1 in Throwing
  7830 | D:7      | Slain by an orc warrior

Illustrated notes

Levels and vault maps discovered:
D:1:      minmay_arrival_four_circles, layout_basic, serial_park_tiny_pond,
          minmay_misc_feat_nine_boxes
D:2:      minmay_angry_zag, layout_loops_ring, serial_shops, shop,
          basic_ecumenical_altar
D:3:      layout_basic, nicolae_ashenzari_skybound, serial_shops,
          nicolae_shop_hallway_plus, serial_co_window_serial, co_window_paths_b,
          co_window_paths_b, co_window_paths_b, co_window_paths_a,
          co_window_corner_a, co_window_corner_a, co_window_paths_a,
          co_window_of_opportunity_b, co_window_broadway_a, co_window_corner_b,
          co_window_corner_cb, co_window_unsneaky_path_e, grunt_decor_cap
D:4:      layout_basic, vehumet_crystals
D:5:      layout_loops_corners, lemuel_crystal_altar, serial_glass,
          glass_columns_a, glass_columns_a, hex_large,
          nicolae_concentric_dashed_squares_mild, uniq_edmund
D:6:      layout_cave_pools, led_sif_pool,
          chequers_temple_overflow_statue_of_worship, minmay_temple_entry_tees
D:7:      layout_gridville, kennysheep_cross_room, grunt_ministairs_8,
          minmay_the_grid_2x2 [minmay_the_grid_odd_star, minmay_the_grid_garden,
          minmay_the_grid_broken_lines,
          minmay_the_grid_prize_four_corners_diamond_b], uniq_menkaure,
          uniq_harold
Temple:   dshaligram_water_room_temple

Skill      XL: |  1  2  3  4  5  6  7  8  9 |
---------------+----------------------------+-----
Fighting       | 4 5 6 7 |  7.3
Shields        | 4 5 |  5.1
Armour         | 4 5 6 7 8 |  8.1
Long Blades    | 3 4 5 6 7 |  7.2
Dodging        | 1 2 3 |  3.5
Maces & Flails | 2 6 8 |  8.0
Stealth        | 1 |  1.3
Throwing       | 1 |  1.1

Action                   |  1- 3 |  4- 6 |  7- 9 || total
-------------------------+-------+-------+-------++-------
Melee: Long sword        |    98 |   142 |       ||   240
       Headbutt          |    13 |    20 |    12 ||    45
       Great mace        |       |       |    79 ||    79
Throw: Javelin           |       |       |     4 ||     4
  Use: Potion            |       |     1 |     2 ||     3
       Scroll            |       |       |     2 ||     2
Armor: Scale mail        |    36 |    65 |    49 ||   150
Dodge: Dodged            |    53 |    63 |    55 ||   171
Block: Buckler           |    32 |    38 |       ||    70
